 Dungeon Crawl Stone Soup version 0.31-a0-1144-g99969ba1bc (webtiles) character file.

Game seed: 12044354636213810506

25 Arzdou the Digger (level 3, 21/21 HPs)
             Began as an Octopode Earth Elementalist on Dec 6, 2023.
             Was a Follower of Wu Jian.
             Quit the game on level 2 of the Dungeon.
             The game lasted 00:02:08 (1410 turns).

Arzdou the Digger (Octopode Earth Elementalist)     Turns: 1410, Time: 00:02:08

Health: 21/21      AC:  1    Str:  7    XL:     3   Next: 6%
Magic:  6/6        EV: 18    Int: 19    God:    Wu Jian [*.....]
Gold:   35         SH:  0    Dex: 12    Spells: 6/7 levels left

rFire   . . .        j - +3 short sword
rCold   . . .        (no shield)
rNeg    . . .        (helmet restricted)
rPois   .            f - amulet of regeneration
rElec   .            e - +5 ring of evasion
rCorr   .            (no ring)
SInv    .            (no ring)
Will    .....        (no ring)
Stlth   +++          (no ring)
HPRegen 1.03/turn    (no ring)
MPRegen 0.10/turn    (no ring)
                     (no ring)

%: no passive effects
@: no status effects
A: almost no armour, amphibious, 8 rings, camouflage 1, gelatinous body 1,
(nimble swimmer 1), tentacles
a: Renounce Religion


You were on level 2 of the Dungeon.
You worshipped Wu Jian.
Wu Jian was aware of your devotion.
You visited 1 branch of the dungeon, and saw 2 of its levels.

You collected 35 gold pieces.

Inventory:

Hand Weapons
 j - a +3 short sword (weapon)
Jewellery
 e - a +5 ring of evasion (left tentacle)
 f - an amulet of regeneration (around mantle)
Scrolls
 b - a scroll of fear {unknown}
 c - a scroll of amnesia {unknown}
 g - 3 scrolls of blinking {unknown}
 h - 2 scrolls of teleportation {unknown}
 i - a scroll of identify {unknown}
 l - a scroll of torment {unknown}
 m - a scroll of enchant weapon {unknown}
Potions
 a - a potion of magic
 d - 2 potions of heal wounds {unknown}
 k - a potion of haste {unknown}


   Skills:
 - Level 2.0 Dodging
 - Level 2.8 Stealth
 + Level 2.6 Spellcasting
 - Level 1.1 Transmutations
 + Level 3.5 Earth Magic


You had 6 spell levels left.
You knew the following spells:

 Your Spells              Type           Power      Damage    Failure   Level
a - Sandblast             Erth           30%        2d9       3%          1

Your spell library contained the following spells:

 Spells                   Type           Power      Damage    Failure   Level
 Passwall                 Tmut/Erth      9%         N/A       10%         2
 Stone Arrow              Conj/Erth      18%        3d8       24%         3
 Petrify                  Tmut/Erth      11%        N/A       52%         4
 Brom's Barrelling Bould  Conj/Erth      9%         2d3       61%         4
 Vhi's Electric Charge    Tloc/Air       4%         N/A       85%         4
 Arcjolt                  Conj/Air       1%         1d11      99%         5
 Plasma Beam              Fire/Air       1%         2x1d11    100%        6


Dungeon Overview and Level Annotations

Branches:
Dungeon (2/15)

Altars:
Wu Jian


Innate Abilities, Weirdness & Mutations

You cannot wear most types of armour.
You are amphibious.
You can wear up to eight rings at the same time.
Your skin changes colour to match your surroundings (Stealth+).
Your rubbery body absorbs attacks. (AC +1, EV +1)
((You are camouflaged when in or above water. (Stealth+)))
You have tentacles for arms and can constrict up to eight enemies at once.


Message History

You open the door.
A goblin comes into view. It is wielding a +0 club.
The goblin shouts!
There is an open door here.
The blast of sand hits the goblin!
You kill the goblin!
You have reached level 3!
Your experience leads to an increase in your attributes!
Increase (S)trength, (I)ntelligence, or (D)exterity?
You feel clever. x2
A quokka comes into view.
The blast of sand hits the quokka!
You kill the quokka!
Found an escape hatch in the floor.
Found a stone staircase leading down.
There is an escape hatch in the floor here.
m - a scroll labelled DUANIU JOLYAH You open the door.
There is an open door here.
You open the door.
There is an open door here.
Found a stone staircase leading down.
You open the door.
Found a ring mail.
No target in view!
There is an open door here.
You open the door.
There is an open door here.
Found a stone staircase leading up.
You now have 25 gold pieces (gained 10).
You now have 35 gold pieces (gained 10).
d - 2 dark potions (gained 1)
Found a faded altar of an unknown god.
There is a faded altar of an unknown god here.
This altar belongs to (a) Jiyva, (b) Ashenzari or (c) Wu Jian, but you can't tell which.
Press the corresponding letter to learn more about a god, or press enter to convert or escape to cancel.
Wu Jian accepts your prayer! The Council welcomes you!
You can now perform damaging attacks by moving towards foes.
You can now lightly attack monsters by moving around them.
Are you sure you want to abandon this character and quit the game? (Confirm with "yes".)

..# #.....# ..#
#.....# ..#
#.######### #.#
#.##......#
#[####.##......#
#.##...........# #
#.##.......####### # #
..##.......###8#8#8###
#
....##+####.....@....#
#### ........#
#.##8#8#8#.# ##...
....#........##### #
#..## #####.........
#.... .......... #..##
........... ##.#.
#..######### ##.#.
#..# ###### ##..#.
#....# #...#.


There were no monsters in sight!

Vanquished Creatures
  5 bats
  3 endoplasms
  2 giant cockroaches
  2 hobgoblins
  A quokka (D:2)
  5 goblins
  5 kobolds
23 creatures vanquished.

Notes
Turn   | Place    | Note
-------+----------+-------------------------------------------
     0 | D:1      | Arzdou the Octopode Earth Elementalist began the quest for
                  | the Orb.
     0 | D:1      | Reached XP level 1. HP: 11/11 MP: 3/3
   307 | D:1      | Reached XP level 2. HP: 17/17 MP: 0/5
  1269 | D:2      | Reached XP level 3. HP: 21/21 MP: 4/6
  1402 | D:2      | Found a faded altar of an unknown god.
  1409 | D:2      | Prayed at the altar of an unknown god.
  1409 | D:2      | Became a worshipper of the Wu Jian Council
  1409 | D:2      | Reached * piety under Wu Jian
  1410 | D:2      | Quit the game

Illustrated notes

Levels and vault maps discovered:
D:1:      roderic_crop_circles_arrival_small, layout_basic
D:2:      layout_basic, ebering_ecumenical_altar_hall, nrook_mini_vaults,
          uniq_crazy_yiuf_cottage

Action                     || total
---------------------------++-------
  Melee: Unarmed           ||     2
         Tentacles         ||     2
         Dagger            ||     1
         Constrict         ||     1
   Cast: Sandblast         ||    33
 Armour: Skin              ||     4
  Dodge: Dodged            ||     9

Table legend: (Time is in decaauts)
 A = Elapsed time spent in this place.
 B = Non-inter-level travel time spent in this place.
 C = Inter-level travel time spent in this place.
 D = Time resting spent in this place.
 E = Time spent auto-exploring this place.
 F = Levels seen in this place.
 G = Mean time per level.
                   A        B        C        D        E       F      G
               +--------+--------+--------+--------+--------+-----+--------+
         Total |   1424 |   1397 |     27 |      0 |   1224 |   2 |  712.0 |
       Dungeon |   1424 |   1397 |     27 |      0 |   1224 |   2 |  712.0 |
               +--------+--------+--------+--------+--------+-----+--------+

Top non-repeatable levels by time:
     D:1: 1012 daAuts
     D:2: 411 daAuts
